 Dungeon Crawl Stone Soup version 0.29.1-2-gbd0b4ee654 (webtiles) character file.

Game seed: 14498939248938933871

1243 DemonSlayer the Firebug (level 8, -2/53 HPs)
             Began as a Demonspawn Fire Elementalist on Oct 30, 2022.
             Slain by an orc warrior
             ... wielding a +0 halberd
              (16 damage)
             ... on level 6 of the Dungeon.
             The game lasted 00:10:08 (5960 turns).

DemonSlayer the Firebug (DsFE)                      Turns: 5960, Time: 00:10:10

Health: -2/53      AC:  4    Str: 11    XL:     8   Next: 25%
Magic:  5/16       EV: 13    Int: 21    God:
Gold:   62         SH:  0    Dex: 14    Spells: 8/18 levels left

rFire   + . .      SeeInvis .   r - +6 falchion of Unreason {protect, *Corrode Will+ Str+3 Int+2}
rCold   x . .      Faith    .   (no shield)
rNeg    . . .      Spirit   .   a - +1 robe
rPois   .          Reflect  .   (no helmet)
rElec   .          Harm     .   p - +0 cloak
rCorr   .          Rampage  .   (no gloves)
Will    +....                   (no boots)
Stlth   ++........              (no amulet)
HPRegen 0.17/turn               h - ring of fire
MPRegen 0.15/turn               (no ring)

@: mighty
A: hooves 2, powered by death 1, spiny 2
a: no special abilities


You were on level 6 of the Dungeon.
You visited 1 branch of the dungeon, and saw 5 of its levels.
You also visited: Sewer.

You collected 270 gold pieces.
You spent 208 gold pieces at shops.

Inventory:

Hand Weapons
 d - a +1 hand axe
 e - a +2 whip of draining
 r - the +6 falchion of Unreason (weapon) {protect, *Corrode Will+ Str+3 Int+2}
   (You bought it in a shop on level 3 of the Dungeon)

   It grants its wielder temporary protection when it strikes (+7 to AC).
   Str:       It affects your strength (+3).
   Int:       It affects your intelligence (+2).
   *Corrode:  It may corrode you when you take damage.
   Will:      It increases your willpower.
Missiles
 c - 4 curare-tipped darts
 u - a throwing net
Armour
 a - a +1 robe (worn)
 l - a +0 ring mail of poison resistance
 p - a +0 cloak (worn)
Jewellery
 h - a ring of fire (left hand)
 i - an amulet of faith
 t - an amulet of regeneration
Wands
 m - a wand of acid (6)
Scrolls
 f - a scroll of teleportation
 k - a scroll of enchant armour
Potions
 b - 3 potions of magic
 j - a potion of degeneration {unknown}
 n - a potion of ambrosia {unknown}
 o - 3 potions of curing {unknown}
 q - a potion of invisibility {unknown}
 s - 2 potions of haste {unknown}
 v - 2 potions of attraction {unknown}


   Skills:
 + Level 0.9 Fighting
 + Level 1.2 Long Blades
 + Level 1.3 Axes
 + Level 0.3 Throwing
 + Level 3.0 Dodging
 + Level 2.5 Stealth
 + Level 5.5 Spellcasting
 + Level 2.5 Conjurations
 + Level 6.3 Fire Magic


You had 8 spell levels left.
You knew the following spells:

 Your Spells              Type           Power      Damage    Failure   Level
a - Foxfire               Conj/Fire      100%       2x1d9     1%          1
b - Scorch                Fire           96%        2d10      1%          2
c - Conjure Flame         Conj/Fire      36%        6-21      4%          3
d - Flame Wave            Conj/Fire      36%        2d10      16%         4

Your spell library contained the following spells:

 Spells                   Type           Power      Damage    Failure   Level
 Inner Flame              Hex/Fire       28%        N/A       9%          3


Dungeon Overview and Level Annotations

Branches:
Dungeon (4/15)              Sewer (visited)
 Temple: D:4-7

Altars:
Fedhas
Vehumet

Shops:
D:1 =   D:3 (


Innate Abilities, Weirdness & Mutations

You have hoof-like feet.
You regenerate a little health from kills.
You are mostly covered in sharp spines.


Message History

You feel a surge of power!
Flames lash the orc.
You kill the orc!
You feel a surge of power!
Flames lash the orc warrior.
The orc warrior is moderately wounded.
The orc warrior's fire resistance burns away.
A necrophage comes into view.
The orc warrior unwields a +0 arbalest.
The orc warrior wields a +0 halberd.
The orc warrior barely misses you.
You feel a surge of power!
Flames lash the iguana but do no damage.
The orc warrior is struck by your spines.
The orc warrior barely misses you.
You feel a surge of power!
Flames lash the necrophage.
The necrophage is moderately damaged.
The necrophage's fire resistance burns away.
The orc warrior hits you with a +0 halberd!!
You feel a surge of power!
Flames lash the necrophage.
The necrophage is burned terribly!
The necrophage is severely damaged.
The orc warrior hits you with a +0 halberd!
You are too injured to fight recklessly!
You are too injured to fight recklessly!
You are too injured to fight recklessly!
You are too injured to fight recklessly!
You feel very mighty all of a sudden. The iguana closely misses you.
The orc warrior closely misses you.
You barely miss the orc warrior. Your kick misses the orc warrior.
The orc warrior is heavily wounded.
The orc warrior is no longer more vulnerable to fire.
The iguana is struck by your spines. The iguana bites you!
* * * LOW HITPOINT WARNING * * *
The orc warrior closely misses you.
Unknown command.
You closely miss the orc warrior. Your kick misses the orc warrior.
The orc warrior is heavily wounded.
The iguana bites you but does no damage.
The necrophage closely misses you.
The orc warrior is struck by your spines.
The orc warrior hits you with a +0 halberd!
You die...

#.##.##.# #.#######.###.#....
#.......# ##.............#....
####.######..............#..#.
#.# #....#########....... #.#
#(#..# ####<... #.# #.#..#
#....... #.# #.#..# #.#####.
#.# #.#..# # #. #.#####.#.@#
#. #....##..nlo)..# #.
####.##.#....).... #.
#.##.##.###.### #. #.## #.# #
#. #.# #.# #. #)# #.# #. #)#
#.. #)#


You could see an orc warrior, a necrophage (combustible) and an iguana.

Vanquished Creatures
  A water moccasin (D:6)
  Pargi (Sewer)
  A black bear (D:6)
  2 ice beasts (D:6)
  A phantom (D:4)
  2 gnoll boudas
  3 hounds
  3 orc priests (D:6)
  3 iguanas
  2 orc wizards
  12 gnolls
  2 river rats (D:3)
  10 adders
  An ufetubus (D:6)
  2 worms (D:3)
  2 dart slugs
  7 orcs
  5 ball pythons
  9 endoplasms
  4 giant cockroaches
  8 goblins
  3 hobgoblins (D:1)
  3 jackals (D:1)
  9 kobolds
  A quokka (D:3)
  10 bats
  2 frilled lizards
  10 rats
119 creatures vanquished.

Vanquished Creatures (others)
  203 foxfires
203 creatures vanquished.

Grand Total: 322 creatures vanquished

Notes
Turn   | Place    | Note
-------+----------+-------------------------------------------
     0 | D:1      | DemonSlayer the Demonspawn Fire Elementalist began the
                  | quest for the Orb.
     0 | D:1      | Reached XP level 1. HP: 13/13 MP: 3/3
   161 | D:1      | Found a faded altar of an unknown god.
   161 | D:1      | Found Akilu's Jewellery Emporium.
   463 | D:1      | Gained mutation: You have large cloven feet. [demonic
                  | ancestry]
   463 | D:1      | Reached XP level 2. HP: 15/19 MP: 0/5
   466 | D:1      | Learned a level 2 spell: Scorch
  1111 | D:1      | Reached skill level 3 in Fire Magic
  1295 | D:1      | Gained mutation: You are partially covered in sharp spines.
                  | [demonic ancestry]
  1295 | D:1      | Reached XP level 3. HP: 24/24 MP: 6/6
  1486 | D:1      | Learned a level 3 spell: Conjure Flame
  2897 | D:3      | Found Paeb's Antique Weapon Boutique.
  2949 | D:3      | Gained mutation: You regenerate a little health from kills.
                  | [demonic ancestry]
  2949 | D:3      | Reached XP level 4. HP: 30/30 MP: 3/7
  3007 | D:3      | Found a glowing drain.
  3045 | D:3      | Reached skill level 1 in Axes
  3314 | Sewer    | Entered a sewer
  3497 | Sewer    | Noticed Pargi
  3502 | Sewer    | Killed Pargi
  3503 | Sewer    | Reached XP level 5. HP: 33/35 MP: 7/9
  3593 | Sewer    | Learned a level 4 spell: Flame Wave
  4250 | D:3      | Gained mutation: You are mostly covered in sharp spines.
                  | [demonic ancestry]
  4250 | D:3      | Reached XP level 6. HP: 40/41 MP: 11/11
  4339 | D:3      | Reached skill level 4 in Fire Magic
  4621 | D:3      | Bought an encrusted falchion for 208 gold pieces
  4621 | D:3      | Identified the +6 falchion of Unreason {protect, *Corrode
                  | Will+ Str+3 Int+2} (You bought it in a shop on level 3 of
                  | the Dungeon)
  5061 | D:4      | Reached XP level 7. HP: 47/47 MP: 1/13
  5152 | D:4      | You fall into a shaft and drop 2 floors!
  5152 | D:6      | Found a blossoming altar of Fedhas.
  5291 | D:6      | Reached skill level 5 in Fire Magic
  5518 | D:6      | Reached skill level 5 in Spellcasting
  5521 | D:6      | Reached skill level 6 in Fire Magic
  5521 | D:6      | Gained mutation: You have hoof-like feet. [demonic
                  | ancestry]
  5521 | D:6      | Reached XP level 8. HP: 53/53 MP: 1/15
  5526 | D:6      | Reached skill level 1 in Long Blades
  5702 | D:6      | Found a radiant altar of Vehumet.
  5960 | D:6      | Slain by an orc warrior

Illustrated notes

Levels and vault maps discovered:
D:1:      mrwooster_arrival_statue_2, layout_loops_ring, serial_shops, shop,
          ebering_ecumenical_altar_mist
D:2:      layout_loops_ring, minmay_cupped
D:3:      layout_basic, portal_sewer_entry_c, serial_shops, shop,
          due_unseen_surprise
D:4:      layout_cave_pools, kennysheep_little_box, minmay_fountain_box
D:6:      layout_loops_ring, marbit_many_paths, nicolae_vehumet_radiance,
          chequers_arboretum, grunt_ministairs_4

Skill      XL: |  1  2  3  4  5  6  7  8 |
---------------+-------------------------+-----
Dodging        | 2 3 |  3.0
Fire Magic     | 3 4 6 |  6.3
Conjurations   | 2 |  2.5
Axes           | 1 |  1.3
Stealth        | 2 |  2.5
Spellcasting   | 3 4 5 |  5.5
Long Blades    | 1 |  1.2
Fighting       | |  0.9
Throwing       | |  0.3

Action                   |  1- 3 |  4- 6 |  7- 9 || total
-------------------------+-------+-------+-------++-------
Melee: Hand axe          |    45 |    15 |       ||    60
       Kick              |     9 |     5 |     4 ||    18
       Falchion          |       |     8 |    29 ||    37
Throw: Dart              |     2 |    10 |       ||    12
 Cast: Foxfire           |   106 |    23 |       ||   129
       Scorch            |       |    55 |    24 ||    79
  Use: Scroll            |     7 |     1 |       ||     8
       Potion            |       |       |     1 ||     1
 Stab: Sleeping          |     2 |     1 |       ||     3
Armor: Robe              |    21 |    11 |    24 ||    56
Dodge: Dodged            |    48 |    38 |    37 ||   123
